 Dungeon Crawl Stone Soup version 0.31-a0-1616-gbeaec30b81 (webtiles) character file.

Game seed: 5714923077279707286

3194 quinnr the Destroyer (level 9, -7/53 HPs)
             Began as a Tengu Air Elementalist on Jan 10, 2024.
             Was a Believer of Vehumet.
             Mangled by a two-headed ogre
             ... wielding a +0 giant club
              (19 damage)
             ... on level 9 of the Dungeon.
             The game lasted 00:18:00 (9580 turns).

quinnr the Destroyer (Tengu Air Elementalist)       Turns: 9580, Time: 00:18:02

Health: -7/53      AC:  2    Str:  8    XL:     9   Next: 96%
Magic:  14/17      EV: 17    Int: 21    God:    Vehumet [**....]
Gold:   554        SH:  0    Dex: 14    Spells: 8/18 levels left

rFire   + . .        l - staff of fire {!a}
rCold   . . .        (no shield)
rNeg    . . .        a - +0 robe
rPois   .            (helmet restricted)
rElec   .            (no cloak)
rCorr   .            (no gloves)
SInv    +            (boots unavailable)
Will    +....        (no amulet)
Stlth   ++           v - ring of see invisible
HPRegen 0.28/turn    W - ring of willpower
MPRegen 0.15/turn

%: acrobat
@: swift, flying, very quick
A: beak, talons 3, evasive flight, acrobatic
a: Renounce Religion


You were on level 9 of the Dungeon.
You worshipped Vehumet.
Vehumet was pleased with you.
You visited 2 branches of the dungeon, and saw 10 of its levels.

You collected 554 gold pieces.


Innate Abilities, Weirdness & Mutations

You have a beak for a mouth.
You have claws for feet.
Your magical flight helps you evade attacks. (EV +4)
You can magically evade attacks while moving or waiting.


   Skills:
 + Level 4.8 Fighting
 + Level 3.6 Dodging
 - Level 2.0 Stealth
 - Level 5.0 Spellcasting
 + Level 11.3 Conjurations
 + Level 9.8 Air Magic
 - Level 2.0 Evocations


You had 8 spell levels left.
You knew the following spells:

 Your Spells              Type           Power      Damage    Failure   Level
a - Airstrike             Air            23%        2d(4-20)  1%          4
i - Swiftness             Air            46%        N/A       1%          3
t - Static Discharge      Conj/Air       98%        3-8/arc   1%          2
z - Shock                 Conj/Air       100%       1d9       1%          1

Your spell library contained the following spells:

 Spells                   Type           Power      Damage    Failure   Level
 Magic Dart               Conj           100%       1d8       1%          1
 Momentum Strike          Conj/Tloc      58%        3d9       1%          2
 Hailstorm                Conj/Ice       29%        3d8       3%          3
 Apportation              Tloc           10%        N/A       11%         1
 Freeze                   Ice            20%        1d4       11%         1
 Flame Wave               Conj/Fire      43%        2d11      11%         4
 Blink                    Tloc           10%        N/A       16%         2
 Ensorcelled Hibernation  Hex/Ice        10%        N/A       16%         2
 Jinxbite                 Hex            10%        N/A       16%         2
 Lesser Beckoning         Tloc           10%        N/A       16%         2
 Frozen Ramparts          Ice            10%        1d2       32%         3
 Inner Flame              Hex/Fire       7%         N/A       32%         3
 Passwall                 Erth           5%         N/A       32%         3
 Sticky Flame             Fire/Alch      7%         2d4       71%         4
 Alistair's Intoxication  Alch           3%         N/A       96%         5

Inventory:

Hand Weapons
 m - a +1 whip of pain
 y - a +2 dagger of holy wrath
Missiles
 p - 6 silver javelins
 D - 3 javelins
Armour
 a - a +0 robe (worn)
 u - a +0 buckler
 A - an orb of guile
Magical Staves
 l - a staff of fire (weapon) {!a}
Jewellery
 c - a ring of protection from cold
 v - a ring of see invisible (left hand)
 W - a ring of willpower (right hand)
Wands
 i - a wand of polymorph (32)
 w - a wand of flame (46)
 B - a wand of acid (10)
Scrolls
 e - a scroll of poison
 f - 2 scrolls of revelation
 g - a scroll of noise {unknown}
 h - a scroll of vulnerability {unknown}
 o - a scroll of immolation {unknown}
 r - a scroll of fog {unknown}
 s - 2 scrolls of amnesia {unknown}
 t - 2 scrolls of enchant weapon {unknown}
 x - a scroll of torment {unknown}
 z - 2 scrolls of identify {@r1}
Potions
 b - a potion of magic
 d - a potion of resistance {unknown}
 j - a potion of enlightenment
 k - a potion of ambrosia {unknown}
 n - a potion of cancellation
 q - 4 potions of curing {@q1}
 C - a potion of invisibility

Dungeon Overview and Level Annotations

Branches:
Dungeon (9/15)             Temple (1/1) D:4            Lair (0/5) D:8
    Orc: D:9-12

Altars:
Ashenzari
Dithmenos
Fedhas
Gozag
Hepliaklqana
Kikubaaqudgha
Okawaru
Sif Muna
Trog
Uskayaw
Vehumet
Wu Jian
Xom
Yredelemnul
Zin
The Shining One

Shops:
D:6 (

Annotations:
D:4 2 transporters, Pickler's ghost, amateur GrEE
D:5 Edmund
D:6 1 runed translucent door, GrumpyGrim72's ghost, novice DECj

#########..##..%...
#.......<÷.##.###.#
#.......).....# #.#
........>#..### #.#
#######.###...###.#
##....# ###...#.#
#..#### ###....
#######.## ##.#.
#.)..O@.# #...
#)####### ####
............#
....8.......#
≈§..8.⚑.....#
≈§..8.......#
≈§..8888K.....
≈≈..........###
≈≈K.KK......#


You could see a two-headed ogre.


Message History

Magic restored.
You now have 554 gold pieces (gained 7).
Things that are here:
a +0 short sword; 3 poisoned darts; the +0 ring mail of the Forest {Regen+} A two-headed ogre comes into view.
It is wielding a +0 giant club and a +0 giant spiked club.
Things that are here:
a +0 dagger; 3 stones A two-headed ogre is nearby!
A two-headed ogre is nearby!
The zap hits the two-headed ogre!
The two-headed ogre is lightly wounded.
The two-headed ogre shouts in stereo!
The two-headed ogre attacks as it pursues you!
The two-headed ogre hits you with a +0 giant club!!
The two-headed ogre hits you with a +0 giant spiked club!
* * * LOW HITPOINT WARNING * * *
Things that are here:
a +0 short sword; 3 poisoned darts; the +0 ring mail of the Forest {Regen+}
Okay, then.
Okay, then.
Casting: Shock (safe; 1% risk of failure)
Confirm with . or Enter, or press ? or * to list all spells.
Okay, then.
Casting: Shock (safe; 1% risk of failure)
Confirm with . or Enter, or press ? or * to list all spells.
You feel quick.
The two-headed ogre hits you with a +0 giant club!
* * * LOW HITPOINT WARNING * * *
The two-headed ogre hits you with a +0 giant spiked club!!
You die...

Skill      XL: |  1  2  3  4  5  6  7  8  9 |
---------------+----------------------------+-----
Conjurations   | 2 3 4 6 10 11 | 11.3
Air Magic      | 5 7 8 9 |  9.8
Spellcasting   | 3 4 5 |  5.0
Fighting       | 2 3 4 |  4.8
Evocations     | 2 |  2.0
Dodging        | 3 |  3.6
Stealth        | |  2.0

Action                     |  1- 3 |  4- 6 |  7- 9 || total
---------------------------+-------+-------+-------++-------
  Melee: Unarmed           |    18 |       |       ||    18
         Kick              |     3 |       |     2 ||     5
         Peck              |     1 |       |     2 ||     3
         Whip              |       |       |     9 ||     9
         Staff             |       |       |     6 ||     6
   Cast: Shock             |    60 |   114 |   192 ||   366
         Static Discharge  |       |     3 |    27 ||    30
         Airstrike         |       |     2 |    29 ||    31
         Swiftness         |       |       |     1 ||     1
    Use: Scroll            |     2 |     1 |     6 ||     9
 Armour: Robe              |    24 |    18 |    67 ||   109
  Dodge: Dodged            |    46 |    12 |    73 ||   131

Levels and vault maps discovered:
D:1:      dpeg_arrival_simpleton_a, layout_loops_ring, basic_ecumenical_altar
D:2:      minmay_chambers_of_ones, layout_rooms, nicolae_half_adder
D:3:      layout_rooms, okawaru_ov_weapons_minmay, serial_corexii_hall,
          chequers_hall_statues_corner_a, corexii_hall_statues_i,
          nrook_mini_vaults, dreamdust_wishing_well, kennysheep_flooded_box,
          grunt_ministairs_13, chequers_decorated_corner,
          minmay_misc_feat_diagonals
D:4:      layout_loops_ring, nicolae_sif_muna_condensation, temple_fountains,
          gammafunk_ghost_mausoleum, kennysheep_generic_room_11
D:5:      layout_basic, uniq_blork_the_orc, uniq_edmund, uniq_eustachio,
          uniq_ijyb
D:6:      layout_basic, mainiacjoe_overflow_divided_tiny, serial_shops,
          nicolae_stop_n_shop_2, ebering_ghost_sewer_d
D:7:      minmay_the_grid_triangle_9x9_rhombus_full
          [minmay_the_grid_triangle_9x9_negative_grid,
          minmay_the_grid_triangle_9x9_minimal,
          minmay_the_grid_triangle_9x9_impossible_snake,
          minmay_the_grid_triangle_9x9_semitri,
          minmay_the_grid_triangle_9x9_sprig,
          minmay_the_grid_triangle_9x9_from_above,
          minmay_the_grid_triangle_9x9_dagger,
          minmay_the_grid_triangle_9x9_prize_schism], layout_gridville,
          minivault_27, minmay_crossroads
D:8:      layout_layer_cave, regret_index_kikubaaqudgha_part_by_part,
          dpeg_oklobed_lair, uniq_jeremiah
D:9:      layout_rooms, mainiacjoe_overflow_chevrons, minmay_gold_behind_fungi
Temple:   eino_temple_lava

Notes
Turn   | Place    | Note
-------+----------+-------------------------------------------
     0 | D:1      | quinnr the Tengu Air Elementalist began the quest for the
                  | Orb.
     0 | D:1      | Reached XP level 1. HP: 10/10 MP: 4/4
   363 | D:1      | Reached skill level 2 in Conjurations
   363 | D:1      | Reached XP level 2. HP: 15/15 MP: 4/6
   581 | D:1      | Found a faded altar of an unknown god.
  1076 | D:2      | Reached XP level 3. HP: 19/19 MP: 2/7
  1376 | D:2      | Reached skill level 3 in Conjurations
  1376 | D:2      | Reached skill level 5 in Air Magic
  1430 | D:2      | Reached XP level 4. HP: 13/24 MP: 3/8
  1658 | D:2      | Learned a level 2 spell: Static Discharge
  2030 | D:3      | Found an iron altar of Okawaru.
  2235 | D:3      | Reached XP level 5. HP: 28/28 MP: 8/10
  2266 | D:3      | Learned a level 4 spell: Airstrike
  2284 | D:3      | Reached skill level 3 in Spellcasting
  2865 | D:4      | Reached skill level 4 in Conjurations
  2904 | D:4      | Found a transporter.
  2904 | D:4      | Noticed Pickler's ghost (amateur GrEE)
  3026 | D:4      | Reached skill level 6 in Air Magic
  3251 | D:4      | Found a transporter.
  3260 | D:4      | Found a shimmering blue altar of Sif Muna.
  3461 | D:4      | Found a staircase to the Ecumenical Temple.
  3478 | Temple   | Entered the Ecumenical Temple
  3487 | Temple   | Became a worshipper of Vehumet
  3524 | D:4      | Reached skill level 7 in Air Magic
  3524 | D:4      | Reached XP level 6. HP: 26/32 MP: 6/11
  3826 | D:5      | Entered Level 5 of the Dungeon
  3926 | D:5      | Noticed Blork the orc
  4066 | D:5      | Reached skill level 8 in Air Magic
  4148 | D:5      | Reached skill level 1 in Fighting
  4219 | D:5      | Reached skill level 2 in Fighting
  4219 | D:5      | Gained mutation: Your magical flight helps you evade
                  | attacks. (EV +4) [Tengu growth]
  4219 | D:5      | Reached XP level 7. HP: 40/40 MP: 6/12
  4331 | D:5      | Noticed Edmund
  4347 | D:5      | Killed Blork the orc
  4523 | D:5      | Reached skill level 4 in Spellcasting
  4543 | D:5      | Noticed Ijyb
  4569 | D:5      | Killed Ijyb
  4836 | D:6      | Found Gufrykh's Antique Weapon Boutique.
  4842 | D:6      | Reached skill level 3 in Fighting
  4937 | D:6      | Reached skill level 5 in Conjurations
  5102 | D:6      | Reached skill level 6 in Conjurations
  5113 | D:6      | Reached XP level 8. HP: 37/46 MP: 0/15
  5291 | D:6      | Found a runed translucent door.
  5305 | D:6      | Noticed GrumpyGrim72's ghost (novice DECj)
  5328 | D:6      | Reached * piety under Vehumet
  5328 | D:6      | Offered knowledge of Kiss of Death by Vehumet.
  5332 | D:6      | Reached skill level 7 in Conjurations
  5516 | D:6      | Found a hide-covered altar of Uskayaw.
  5516 | D:6      | Found an opulent altar of Gozag.
  5576 | D:6      | Reached skill level 1 in Evocations
  5927 | D:6      | Reached skill level 8 in Conjurations
  5927 | D:6      | Reached skill level 2 in Evocations
  6357 | D:7      | Reached skill level 4 in Fighting
  6495 | D:7      | Reached skill level 9 in Conjurations
  6666 | D:7      | Reached skill level 10 in Conjurations
  6666 | D:7      | Reached XP level 9. HP: 52/52 MP: 10/16
  7709 | D:8      | Reached skill level 5 in Spellcasting
  7709 | D:8      | Reached skill level 9 in Air Magic
  8140 | D:8      | Noticed Jeremiah
  8144 | D:8      | Killed Jeremiah
  8145 | D:8      | Reached skill level 11 in Conjurations
  8369 | D:8      | Found an ancient bone altar of Kikubaaqudgha.
  8378 | D:8      | Offered knowledge of Magic Dart by Vehumet.
  8495 | D:8      | Reached ** piety under Vehumet
  8743 | D:8      | Found a staircase to the Lair.
  8980 | D:8      | Reached skill level 3 in Dodging
  9123 | D:8      | Learned a level 3 spell: Swiftness
  9484 | D:9      | Found a glowing golden altar of the Shining One.
  9484 | D:9      | Identified the +0 ring mail of the Forest {Regen+}
  9574 | D:9      | Noticed a two-headed ogre
  9580 | D:9      | Mangled by a two-headed ogre

Vanquished Creatures
  Jeremiah (D:8)
  A steam dragon (D:8)
  A water moccasin (D:7)
  3 sky beasts
  2 ice beasts
  A black bear (D:6)
  A kobold brigand (D:9)
  Blork the orc (D:5)
  A gnoll sergeant (D:9)
  3 bullfrogs
  6 scorpions
  A burial acolyte (D:8)
  6 wights (D:7)
  4 killer bees
  A howler monkey (D:4)
  A bombardier beetle (D:5)
  A hound (D:7)
  A gnoll bouda (D:6)
  An orc priest (D:4)
  Ijyb (D:5)
  2 sleepcaps
  7 orc wizards
  An iguana (D:7)
  A hound zombie (D:8)
  16 gnolls
  14 adders
  A shadow imp (D:8)
  A white imp (D:6)
  2 ufetubi (D:6)
  2 adder zombies (D:8)
  A dart slug (D:3)
  21 orcs
  3 ball pythons (D:2)
  7 bats
  3 endoplasms
  5 giant cockroaches
  4 goblins
  4 hobgoblins
  8 jackals (D:2)
  12 kobolds
  A quokka (D:1)
  3 frilled lizards
  A gnoll zombie (D:8)
  A kobold zombie (D:8)
  A rat (D:2)
160 creatures vanquished.

Table legend: (Time is in decaauts)
 A = Elapsed time spent in this place.
 B = Non-inter-level travel time spent in this place.
 C = Inter-level travel time spent in this place.
 D = Time resting spent in this place.
 E = Time spent auto-exploring this place.
 F = Levels seen in this place.
 G = Mean time per level.
                   A        B        C        D        E       F      G
               +--------+--------+--------+--------+--------+-----+--------+
         Total |   9582 |   9241 |    341 |    530 |   7369 |  10 |  958.2 |
       Dungeon |   9563 |   9232 |    331 |    530 |   7369 |   9 | 1062.6 |
        Temple |     18 |      9 |      9 |      0 |      0 |   1 |   18.0 |
               +--------+--------+--------+--------+--------+-----+--------+

Top non-repeatable levels by time:
     D:7: 1540 daAuts
     D:8: 1417 daAuts
     D:2: 1188 daAuts
     D:4: 1115 daAuts
     D:6: 1093 daAuts
     D:5: 1077 daAuts
     D:1: 862 daAuts
     D:3: 807 daAuts
     D:9: 460 daAuts
  Temple: 18 daAuts

Table legend:
 A = Non-vault XP
 B = Vault XP
 C = Vault XP percentage of total XP
 D = Non-vault monster count
 E = Vault monster count
 F = Vault count percentage of total count
                 A         B        C        D         E       F
            +---------+---------+-------+---------+---------+-------
      Total |    3583 |     980 |  21.5 |     135 |      25 |  15.6
            +---------+---------+-------+---------+---------+-------
        D:1 |      17 |       0 |   0.0 |      10 |       0 |   0.0
        D:2 |      68 |      59 |  46.5 |      25 |       8 |  24.2
        D:3 |      41 |      15 |  26.8 |      10 |       2 |  16.7
        D:4 |     176 |       3 |   1.7 |      11 |       1 |   8.3
        D:5 |     355 |     135 |  27.6 |      20 |       2 |   9.1
        D:6 |     814 |       0 |   0.0 |      21 |       0 |   0.0
        D:7 |    1315 |     274 |  17.2 |      18 |       4 |  18.2
        D:8 |     373 |     494 |  57.0 |       6 |       8 |  57.1
        D:9 |     424 |       0 |   0.0 |      14 |       0 |   0.0
            +---------+---------+-------+---------+---------+-------

Levels and vault maps discovered:
D:1:      dpeg_arrival_simpleton_a, layout_loops_ring, basic_ecumenical_altar
D:2:      minmay_chambers_of_ones, layout_rooms, nicolae_half_adder
D:3:      layout_rooms, okawaru_ov_weapons_minmay, serial_corexii_hall,
          chequers_hall_statues_corner_a, corexii_hall_statues_i,
          nrook_mini_vaults, dreamdust_wishing_well, kennysheep_flooded_box,
          grunt_ministairs_13, chequers_decorated_corner,
          minmay_misc_feat_diagonals
D:4:      layout_loops_ring, nicolae_sif_muna_condensation, temple_fountains,
          gammafunk_ghost_mausoleum, kennysheep_generic_room_11
D:5:      layout_basic, uniq_blork_the_orc, uniq_edmund, uniq_eustachio,
          uniq_ijyb
D:6:      layout_basic, mainiacjoe_overflow_divided_tiny, serial_shops,
          nicolae_stop_n_shop_2, ebering_ghost_sewer_d
D:7:      minmay_the_grid_triangle_9x9_rhombus_full
          [minmay_the_grid_triangle_9x9_negative_grid,
          minmay_the_grid_triangle_9x9_minimal,
          minmay_the_grid_triangle_9x9_impossible_snake,
          minmay_the_grid_triangle_9x9_semitri,
          minmay_the_grid_triangle_9x9_sprig,
          minmay_the_grid_triangle_9x9_from_above,
          minmay_the_grid_triangle_9x9_dagger,
          minmay_the_grid_triangle_9x9_prize_schism], layout_gridville,
          minivault_27, minmay_crossroads
D:8:      layout_layer_cave, regret_index_kikubaaqudgha_part_by_part,
          dpeg_oklobed_lair, uniq_jeremiah
D:9:      layout_rooms, mainiacjoe_overflow_chevrons, minmay_gold_behind_fungi
Temple:   eino_temple_lava
